 Dungeon Crawl Stone Soup version 0.15.0-11-g6f4f891 (webtiles) character file.

81074 HungrySpirit the Executioner (level 15, -1/141 HPs)
             Began as a Minotaur Fighter on Aug 31, 2014.
             Was the Champion of Trog.
             Slain by a demonic crawler (3 damage)
             ... while paralysed by a red wasp
             ... on Level 1 of the Spider Nest.
             The game lasted 01:44:24 (27131 turns).

HungrySpirit the Executioner (Minotaur Fighter)    Turns: 27131, Time: 01:44:25

HP  -1/141       AC 30     Str 28      XL: 15   Next: 25%
MP   6/6         EV  2     Int  5      God: Trog [******]
Gold 692         SH  0     Dex 12      Spells:  0 memorised, 14 levels left

rFire  + + .     SeeInvis +     I - +2 broad axe (chop)
rCold  + . .     Clarity  .     B - +3 plate armour of the Beekeeper {+Inv rElec Str+1}
rNeg   + . .     rCorr    .     i - +4 large shield "Paorailo" {+Blink +Fly rF+}
rPois  .         rRot     .     (helmet restricted)
rElec  +         Spirit   .     D - +0 cloak of the Forgotten Places {rF+ rN+}
SustAb .         Warding  .     H - +1 pair of gloves {Dex+3}
rMut   +         Stasis   .     y - +0 pair of boots {run}
Gourm  .                        P - amulet of resist mutation
MR     +....                    C - ring of protection from cold
                                O - ring of see invisible

@: confused, paralysed, lethally poisoned, slowed, quick, somewhat resistant to
hostile enchantments, extremely unstealthy
A: retaliatory headbutt, horns 2, talons 1, rough black scales 1, blurry vision
1, electricity resistance
a: Burn Spellbooks, Berserk, Trog's Hand, Brothers in Arms, Renounce Religion,
Evoke Blink, Evoke Invisibility, Evoke Flight


You were on level 1 of the Spider Nest.
You worshipped Trog.
Trog was exalted by your worship.
You were not hungry.

You visited 4 branches of the dungeon, and saw 25 of its levels.
You also visited: Sewer and Ossuary.

You collected 2823 gold pieces.
You spent 2131 gold pieces at shops.

Inventory:

Hand weapons
 j - a +4 antimagic executioner's axe
 I - a +2 broad axe of chopping (weapon)
 N - the +9 hand axe "Pruohadgh" {holy, +Blink Dex+3 SInv}
   (Trog gifted it to you on level 12 of the Dungeon)

   It has been blessed by the Shining One to cause great damage to the undead
   and demons.
   It affects your dexterity (+3).
   It enhances your eyesight.
   It lets you blink.
Armour
 c - a +1 shield
 i - the +4 large shield "Paorailo" (worn) {+Blink +Fly rF+}
   (You bought it in a shop on level 4 of the Dungeon)

   It protects you from fire.
   It lets you fly.
   It lets you blink.
 y - a +0 pair of boots of running (worn)
 B - the +3 plate armour of the Beekeeper (worn) {+Inv rElec Str+1}
   (You bought it in a shop on level 9 of the Dungeon)

   It affects your strength (+1).
   It insulates you from electricity.
   It lets you turn invisible.
 D - the +0 cloak of the Forgotten Places (worn) {rF+ rN+}
   (You acquired it on level 8 of the Lair of Beasts)

   It protects you from fire.
   It protects you from negative energy.
 H - a +1 pair of gloves of dexterity (worn)
 Q - a +0 shield of reflection
Magical devices
 L - a wand of fire (6)
 T - a wand of teleportation (0)
 V - a wand of draining (5)
Comestibles
 d - 13 bread rations
 f - 11 meat rations
 M - a slice of pizza
Scrolls
 a - a scroll of magic mapping
 e - 2 scrolls of noise
 h - 8 scrolls of teleportation
 l - a scroll of torment
 m - 3 scrolls of remove curse
 r - 6 scrolls of enchant weapon
 s - 5 scrolls of fog
 u - 3 scrolls of immolation
 x - 10 scrolls of identify
 J - a scroll of blinking
 K - 2 scrolls of enchant armour
 R - a scroll of fear
 S - a scroll of vulnerability
 U - 2 scrolls of summoning
 W - 2 scrolls of recharging
Jewellery
 k - an uncursed ring of flight
 t - an uncursed amulet of stasis
 w - an uncursed ring of fire
 C - a ring of protection from cold (right hand)
 O - a ring of see invisible (left hand)
 P - an amulet of resist mutation (around neck)
Potions
 b - 3 potions of heal wounds
 g - 5 potions of agility
 n - 8 potions of curing
 o - 2 potions of magic
 p - a potion of flight
 q - 4 potions of haste
 v - 2 potions of restore abilities
 z - 3 potions of might
 A - 2 potions of mutation
 E - 2 potions of berserk rage
 F - 6 potions of cure mutation
 G - a potion of cancellation


   Skills:
 + Level 15.3 Fighting
 * Level 21.9 Axes
 + Level 15.4 Armour
 - Level 3.6 Shields


You had 14 spell levels left.
You didn't know any spells.

Dungeon Overview and Level Annotations

Branches:
Dungeon (12/15)            Temple (0/1) D:7             Orc (4/4) D:12
    Elf (0/3) Orc:4          Lair (8/8) D:8           Swamp (0/5) Lair:6
 Spider (1/5) Lair:5        Slime (0/6) Lair:8

Altars:
Cheibriados
Dithmenos
Okawaru
Qazlal
Trog
Vehumet
Yredelemnul
Zin
Jiyva

Shops:
D:4 [   D:8 (   D:9 [[?([   Orc:2 (   Orc:4 :(*?

Portals:
Trove: D:12 (give +5 fire dragon armour)


Innate Abilities, Weirdness & Mutations

You reflexively headbutt those who attack you in melee.
You have a pair of horns on your head.
You have sharp toenails.
You are partially covered in rough black scales (AC +4, Dex -1).
Your vision is a little blurry.
You are resistant to electric shocks.


Message History

You are confused.
The scorpion stings you but does no damage.
The demonic crawler hits you but does no damage. x3
The red wasp barely misses you.
* * * LOW HITPOINT WARNING * * *
You feel very sick.
The tarantella bites you but does no damage.
The demonic crawler hits you but does no damage. x2
The demonic crawler hits you.
* * * LOW HITPOINT WARNING * * *
The scorpion stings you!
* * * LOW HITPOINT WARNING * * *
The red wasp stings you!
* * * LOW HITPOINT WARNING * * *
You are more poisoned.
You feel as though you will be slow longer.
The tarantella bites you but does no damage.
The demonic crawler hits you but does no damage.
The demonic crawler hits you.
You die...

.................>..... .......
.................................
...........##............#.......
...........###...................
......................#..........
......................#..........
..#..#...........#....#..........
...............s.#...............
....... .......y@.$..............
.^.. .......ss%.............#.
#.................#..###
#....!............#### #
$.........#.......# #
.................#
...............## ....>>...#.#.##
....##.####


You could see a demonic crawler, a red wasp, a tarantella and a scorpion.

Vanquished Creatures
  Donald (Orc:3)
  Maud (Spider:1)
  Gastronok (Lair:2)
  A hydra (Lair:3)
  The ghost of PotatoesMaster the Grappler, an experienced TrMo of Qazlal (Lair:1)
  17 death yaks
  3 orc high priests (Orc:4)
  3 catoblepae (Lair:8)
  Nergalle (Lair:3)
  An orb spider (Spider:1)
  7 hill giants
  4 orc knights (Orc:4)
  5 orc sorcerers
  An ugly thing (D:11)
  A cyclops (D:12)
  6 wolf spiders (Spider:1)
  25 elephants
  A manticore (D:12)
  A centaur zombie (D:12)
  A queen ant (Lair:5)
  Joseph (D:9)
  5 spiny frogs
  A torpor snail (Lair:8)
  2 gargoyles (D:12)
  5 black mambas
  A centaur skeleton (D:12)
  5 komodo dragons
  The ghost of letownia the Prestidigitator, an experienced KoAr (D:4)
  4 jumping spiders (Spider:1)
  3 trolls
  A tengu conjurer (D:12)
  A demonic crawler (Spider:1)
  A fire drake (Lair:7)
  3 polar bears
  4 ravens (D:12)
  6 slime creatures (D:12)
  8 blink frogs
  6 basilisks
  A tarantella (Spider:1)
  2 wyverns
  3 deep elf magi
  A shadow (D:12)
  A redback (Spider:1)
  44 yaks
  A spriggan (Lair:2)
  Eustachio (D:10)
  13 hippogriffs
  A steam dragon (D:10)
  Edmund (D:9)
  Menkaure (Ossuary)
  A warg (Orc:3)
  7 soldier ants (Lair:5)
  2 vampire mosquitoes (D:12)
  2 sky beasts
  24 orc warriors
  17 water moccasins
  A yellow wasp (Spider:1)
  9 porcupines
  2 black bears
  12 ogres
  A phantom (D:10)
  10 spiders
  A manticore skeleton (D:8)
  A boring beetle (Lair:4)
  18 crocodiles
  7 centaurs
  2 big kobolds (D:12)
  17 giant frogs
  2 elf zombies (D:6)
  An elf skeleton (D:6)
  An eye of draining (D:12)
  A wyvern skeleton (D:10)
  3 scorpions
  2 hippogriff zombies
  11 wights
  8 killer bees
  4 electric eels
  4 goliath beetles
  17 hounds
  4 crimson imps
  3 jellies
  A black bear zombie (D:8)
  26 orc priests
  7 iguanas
  2 quasits
  A human skeleton (D:6)
  Natasha (thrice) (D:4)
  30 worker ants
  34 orc wizards
  15 sheep
  A big kobold zombie (D:11)
  A big kobold skeleton (D:6)
  3 mummies (Ossuary)
  A hound zombie (D:6)
  A worker ant zombie (D:11)
  26 adders
  40 green rats
  A scorpion zombie (D:7)
  7 gnolls
  2 shadow imps (D:9)
  A giant mite (D:8)
  A white imp (D:4)
  2 worms
  An adder zombie (D:7)
  4 giant geckos
  2 oozes
  149 orcs
  12 bats
  4 giant cockroaches
  2 gnoll zombies (Ossuary)
  24 hobgoblins
  11 quokkas
  8 ball pythons
  10 giant newts
  A gnoll skeleton (Ossuary)
  22 goblins
  3 goblin skeletons
  3 goblin zombies (Ossuary)
  A hobgoblin skeleton (Ossuary)
  2 hobgoblin zombies (Ossuary)
  22 jackals
  21 kobolds
  4 kobold skeletons (Ossuary)
  5 kobold zombies (Ossuary)
  4 orc skeletons
  8 orc zombies
  22 rats
  7 rat skeletons
  4 rat zombies (Ossuary)
  3 ballistomycetes (D:7)
  10 fungi
  8 plants
988 creatures vanquished.

Vanquished Creatures (collateral kills)
  A hydra (Lair:2)
  A komodo dragon (Lair:3)
  A porcupine (Lair:3)
  A crocodile (Lair:3)
  An orc priest (Orc:4)
  An orc zombie (Orc:4)
6 creatures vanquished.

Vanquished Creatures (others)
  An orc (Orc:1)
  A gnoll skeleton (Ossuary)
  A gnoll zombie (Ossuary)
  A giant spore (D:7)
  A goblin skeleton (Ossuary)
  A goblin zombie (Ossuary)
  2 hobgoblin skeletons (Ossuary)
  3 kobold skeletons (Ossuary)
  3 orc skeletons (Ossuary)
  2 orc zombies
  2 rat zombies (Ossuary)
18 creatures vanquished.

Grand Total: 1012 creatures vanquished

Notes
Turn   | Place    | Note
--------------------------------------------------------------
     0 | D:1      | HungrySpirit, the Minotaur Fighter, began the quest for the Orb.
     0 | D:1      | Reached XP level 1. HP: 19/19 MP: 1/1
   208 | D:1      | Reached XP level 2. HP: 21/26 MP: 1/1
   784 | D:1      | Reached skill level 4 in Axes
  1015 | D:2      | Reached XP level 3. HP: 13/31 MP: 2/2
  1210 | D:2      | Found a bloodstained altar of Trog.
  1211 | D:2      | Found a radiant altar of Vehumet.
  1212 | D:2      | Found a snail-covered altar of Cheibriados.
  1218 | D:2      | Became a worshipper of Trog the Wrathful
  1347 | D:2      | Reached skill level 5 in Axes
  1416 | D:2      | Reached XP level 4. HP: 31/39 MP: 2/2
  1560 | D:2      | Acquired Trog's first power
  1997 | D:3      | Reached skill level 6 in Axes
  2004 | D:3      | Found a glowing silver altar of Zin.
  2083 | D:4      | Reached XP level 5. HP: 28/45 MP: 2/2
  2648 | D:4      | Acquired Trog's second power
  2663 | D:4      | Found Alesu's Antique Armour Boutique.
  2678 | D:4      | Bought a pair of glowing boots for 130 gold pieces
  2684 | D:4      | Identified a +0 pair of boots of running (You bought it in a shop on level 4 of the Dungeon)
  2700 | D:4      | Reached skill level 7 in Axes
  2715 | D:4      | Noticed Natasha
  2718 | D:4      | Killed Natasha
  2767 | D:4      | Reached XP level 6. HP: 47/51 MP: 3/3
  2771 | D:4      | Noticed letownia's ghost (experienced KoAr)
  2791 | D:4      | Killed letownia's ghost
  2791 | D:4      | Reached skill level 9 in Axes
  2791 | D:4      | Reached XP level 7. HP: 23/57 MP: 3/3
  3017 | D:4      | Found an iron altar of Okawaru.
  3424 | D:4      | Noticed Natasha
  3433 | D:4      | Killed Natasha
  3534 | D:4      | Noticed Natasha
  3542 | D:4      | Killed Natasha
  3542 | D:4      | Reached skill level 10 in Axes
  3544 | D:4      | Noticed an ogre
  3554 | D:4      | Killed an ogre
  3978 | D:5      | Entered Level 5 of the Dungeon
  4013 | D:5      | Found a glowing drain.
  4027 | Sewer    | Entered a sewer
  4232 | Sewer    | Acquired Trog's third power
  4610 | D:5      | Reached XP level 8. HP: 49/66 MP: 3/3
  4792 | D:5      | Reached skill level 11 in Axes
  5669 | D:6      | Found an iron altar of Okawaru.
  5709 | D:6      | Reached skill level 5 in Armour
  5901 | D:6      | Reached skill level 5 in Fighting
  5917 | D:6      | Found a sand-covered staircase.
  5927 | Ossuary  | Entered an ossuary
  6153 | Ossuary  | Noticed Menkaure
  6159 | Ossuary  | Killed Menkaure
  6351 | D:6      | Reached skill level 12 in Axes
  6703 | D:7      | Reached XP level 9. HP: 70/75 MP: 4/4
  6758 | D:7      | HP: 2/77 [something (31)]
  7320 | D:7      | Found a staircase to the Ecumenical Temple.
  7822 | D:8      | Reached skill level 13 in Axes
  7993 | D:8      | Found Stepoq's Weapon Shop.
  8111 | D:8      | Found a staircase to the Lair.
  8437 | D:8      | Reached XP level 10. HP: 67/88 MP: 4/4
  8820 | D:9      | Found Wedue's Antique Armour Shop.
  8842 | D:9      | Bought a pair of glowing gloves for 126 gold pieces
  8915 | D:9      | Found a stormy altar of Qazlal.
  8981 | D:9      | Noticed Joseph
  8982 | D:9      | Noticed Edmund
  8997 | D:9      | Killed Edmund
  9000 | D:9      | Killed Joseph
  9000 | D:9      | Reached skill level 14 in Axes
  9144 | D:9      | Gained mutation: You are partially covered in rough black scales (AC +4, Dex -1). [potion of mutation]
  9144 | D:9      | Gained mutation: Your vision is a little blurry. [potion of mutation]
  9144 | D:9      | Gained mutation: You have sharp toenails. [potion of mutation]
  9145 | D:9      | Gained mutation: You are resistant to electric shocks. [potion of mutation]
  9201 | D:9      | Found Isaara's Antique Armour Shop.
  9245 | D:9      | Received a gift from Trog
  9318 | D:9      | Found a basalt altar of Yredelemnul.
  9341 | D:9      | Found Klofruang's Antique Armour Shop.
  9460 | D:9      | Found Struch's Weapon Boutique.
  9701 | D:9      | Found Xoonoafya's Magic Scroll Shoppe.
  9726 | D:9      | Bought a scroll of noise for 12 gold pieces
  9884 | Lair:1   | Entered Level 1 of the Lair of Beasts
  9917 | Lair:1   | Reached skill level 15 in Axes
  9950 | Lair:1   | Noticed Gastronok
 10179 | Lair:1   | Reached XP level 11. HP: 68/97 MP: 4/4
 10475 | Lair:1   | Noticed PotatoesMaster's ghost (experienced TrMo)
 10485 | Lair:1   | Killed PotatoesMaster's ghost
 10485 | Lair:1   | Reached skill level 10 in Armour
 11232 | Lair:2   | Reached skill level 10 in Fighting
 11649 | Lair:2   | Reached skill level 16 in Axes
 11896 | Lair:2   | Killed Gastronok
 12063 | Lair:2   | Noticed a four-headed hydra
 12070 | Lair:2   | Killed a four-headed hydra
 12573 | Lair:3   | Noticed a seven-headed hydra
 12582 | Lair:3   | Killed an eight-headed hydra
 13138 | Lair:3   | Noticed Nergalle
 13151 | Lair:3   | Killed Nergalle
 13593 | Lair:4   | Reached skill level 17 in Axes
 13599 | Lair:4   | Reached XP level 12. HP: 84/110 MP: 5/5
 13672 | Lair:4   | Received a gift from Trog
 14390 | Lair:5   | Found a hole to the Spider Nest.
 14625 | Lair:5   | Reached skill level 18 in Axes
 14936 | Lair:5   | Received a gift from Trog
 15595 | Lair:6   | Reached XP level 13. HP: 119/119 MP: 5/5
 15647 | Lair:6   | Found a staircase to the Swamp.
 15658 | Lair:6   | Received a gift from Trog
 16183 | Lair:6   | Reached skill level 19 in Axes
 16977 | Lair:7   | Received a gift from Trog
 17956 | Lair:8   | Entered Level 8 of the Lair of Beasts
 17956 | Lair:8   | Found a viscous altar of Jiyva.
 18226 | Lair:8   | Found a staircase to the Slime Pits.
 18316 | Lair:8   | Received a gift from Trog
 18475 | Lair:8   | Reached skill level 20 in Axes
 18660 | Lair:8   | Reached XP level 14. HP: 96/130 MP: 5/5
 18943 | Lair:8   | Identified a scroll of acquirement
 18944 | Lair:8   | Got a pair of distressingly furry boots
 18955 | Lair:8   | Identified the +0 pair of boots of the Harvest {Str+2} (You acquired it on level 8 of the Lair of Beasts)
 19258 | Lair:8   | Got a brightly glowing cloak
 19264 | Lair:8   | Identified the +0 cloak of the Forgotten Places {rF+ rN+} (You acquired it on level 8 of the Lair of Beasts)
 19956 | D:10     | Entered Level 10 of the Dungeon
 19997 | D:9      | Bought a jacinth-encrusted plate armour for 700 gold pieces
 20008 | D:9      | Identified the +3 plate armour of the Beekeeper {+Inv rElec Str+1} (You bought it in a shop on level 9 of the Dungeon)
 20101 | D:10     | Received a gift from Trog
 20342 | D:10     | Noticed Eustachio
 20347 | D:10     | Killed Eustachio
 20830 | D:11     | Got a heavily runed cloak
 20841 | D:11     | Identified the cursed -5 cloak "Zoypur" {Str+5 Int+5} (You found it on level 11 of the Dungeon)
 21417 | D:12     | Received a gift from Trog
 21694 | D:12     | Found a staircase to the Orcish Mines.
 21735 | D:12     | Reached skill level 21 in Axes
 22037 | D:12     | Found a shadowy altar of Dithmenos.
 22047 | D:12     | Found a portal to a secret trove of treasure.
 22564 | D:12     | Received a gift from Trog
 22575 | D:12     | Got a bloodstained hand axe {god gift}
 22576 | D:12     | Identified the +9 hand axe "Pruohadgh" {holy, +Blink Dex+3 SInv} (Trog gifted it to you on level 12 of the Dungeon)
 22815 | Orc:1    | Entered Level 1 of the Orcish Mines
 23130 | Orc:2    | Found Tryuffe's Weapon Boutique.
 23585 | Orc:3    | Received a gift from Trog
 24066 | Orc:3    | Noticed Donald
 24077 | Orc:3    | Killed Donald
 24077 | Orc:3    | Reached skill level 15 in Armour
 24307 | Orc:2    | Received a gift from Trog
 24561 | Orc:4    | Entered Level 4 of the Orcish Mines
 24563 | Orc:4    | Paralysed by an orc sorcerer for 3 turns
 25121 | Orc:4    | Found Gaso Shro's Antique Weapon Boutique.
 25322 | Orc:4    | Received a gift from Trog
 25322 | Orc:4    | Reached skill level 15 in Fighting
 25325 | Orc:4    | Reached XP level 15. HP: 126/141 MP: 6/6
 25349 | Orc:4    | Found Poytoh's Book Boutique.
 25441 | Orc:4    | Found Mucuobyo's Magic Scroll Shoppe.
 25441 | Orc:4    | Found Enwoibusk's General Store.
 25463 | Orc:4    | Bought a scroll of acquirement for 832 gold pieces
 25463 | Orc:4    | Bought a scroll of fear for 56 gold pieces
 25469 | Orc:4    | Got a pair of ancient gloves
 25480 | Orc:4    | Identified the -4 pair of gloves "Pum Fup" {Str+4 Slay-7} (You acquired it on level 4 of the Orcish Mines)
 25734 | Orc:4    | Found a staircase to the Elven Halls.
 26235 | D:4      | Bought an ancient large shield for 275 gold pieces
 26246 | D:4      | Identified the +4 large shield "Paorailo" {+Blink +Fly rF+} (You bought it in a shop on level 4 of the Dungeon)
 26648 | Spider:1 | Entered Level 1 of the Spider Nest
 26691 | Spider:1 | Received a gift from Trog
 26908 | Spider:1 | Noticed Maud
 26920 | Spider:1 | Killed Maud
 27123 | Spider:1 | Paralysed by a red wasp for 3 turns
 27129 | Spider:1 | Paralysed by a red wasp for 4 turns
 27131 | Spider:1 | HP: 2/141 [red wasp (7)]
 27131 | Spider:1 | Slain by a demonic crawler

Action                   |  1- 3 |  4- 6 |  7- 9 | 10-12 | 13-15 || total
-------------------------+-------+-------+-------+-------+-------++-------
Melee: War axe           |   109 |   109 |   561 |   778 |   556 ||  2113
       Broad axe         |       |       |       |       |   700 ||   700
Invok: Berserk           |       |     1 |     5 |     6 |     3 ||    15
       Trog's Hand       |       |       |       |     2 |       ||     2
       Brothers in Arms  |       |       |       |     2 |       ||     2
Evoke: Wand              |       |       |     1 |     5 |     1 ||     7
  Use: Scroll            |       |     4 |     8 |    10 |    18 ||    40
       Potion            |       |     1 |     3 |     3 |     3 ||    10
 Stab: Invisible         |       |       |       |       |     1 ||     1
  Eat: Chunk             |     1 |     5 |    16 |    23 |    24 ||    69
       Fruit             |       |       |     2 |     5 |     5 ||    12
       Beef jerky        |       |       |     3 |     1 |     1 ||     5
       Royal jelly       |       |       |     1 |       |       ||     1
       Pizza             |       |       |       |       |     3 ||     3
       Meat ration       |       |       |       |       |     1 ||     1
